 Dungeon Crawl Stone Soup version 0.23.2-30-g0e89c35 (webtiles) character file.

Game seed: 4513778857149676213

150 Fortress the Firebug (level 5, -3/35 HPs)
             Began as a Demonspawn Fire Elementalist on June 11, 2019.
             Slain by a gnoll
             ... wielding a +0 club
              (9 damage)
             ... on level 3 of the Dungeon.
             The game lasted 00:12:33 (2758 turns).

Fortress the Firebug (Demonspawn Fire Elementalist) Turns: 2758, Time: 00:12:34

Health: -3/35      AC:  5    Str:  8    XL:     5   Next: 10%
Magic:  0/9        EV: 12    Int: 17    God:
Gold:   118        SH:  0    Dex: 14    Spells: 9/10 levels left

rFire    . . .     SeeInvis .   f - +0 dagger (vamp)
rCold    . . .     Gourm    .   (no shield)
rNeg     . . .     Faith    .   a - +0 robe
rPois    .         Spirit   .   (no helmet)
rElec    .         Reflect  .   e - +0 cloak
rCorr    .         Harm     .   (no gloves)
MR       .....                  (no boots)
Stlth    +++.......             (no amulet)
HPRegen  0.11/turn              (no ring)
MPRegen  0.11/turn              (no ring)

@: no status effects
A: yellow scales 1, demonic guardian 1, nightstalker 1
a: no special abilities


You were on level 3 of the Dungeon.
You were not hungry.

You visited 1 branch of the dungeon, and saw 3 of its levels.

You collected 118 gold pieces.

Inventory:

Hand Weapons
 f - a +0 vampiric dagger (weapon)
 r - a +0 blowgun
Missiles
 b - 34 stones (quivered)
 h - 51 poisoned needles
Armour
 a - a +0 robe (worn)
 e - a +0 cloak (worn)
Jewellery
 g - an uncursed ring of protection from cold {unknown}
Scrolls
 d - a scroll of amnesia {unknown}
 i - a scroll of fear {unknown}
 j - a scroll of remove curse {unknown}
 l - 2 scrolls of teleportation {unknown}
 n - a scroll of immolation {unknown}
 o - 2 scrolls of identify {unknown}
 q - a scroll of blinking {unknown}
Potions
 k - a potion of might {unknown}
 m - 2 potions of curing {unknown}
 p - a potion of ambrosia {unknown}
Comestibles
 c - 5 rations


   Skills:
 - Level 2.0 Dodging
 - Level 2.0 Stealth
 + Level 3.2 Spellcasting
 + Level 2.4 Conjurations
 + Level 3.8 Fire Magic


You had 9 spell levels left.
You knew the following spells:

 Your Spells              Type           Power        Failure   Level  Hunger
a - Flame Tongue          Conj/Fire      ##...        4%          1    None

Your spell library contained the following spells:

 Spells                   Type           Power        Failure   Level  Hunger
 Throw Flame              Conj/Fire      ##....       7%          2    ##.....
 Conjure Flame            Conj/Fire      ##......     14%         3    ###....
 Inner Flame              Hex/Fire       #.......     24%         3    ###....
 Sticky Flame             Conj/Fire      ##......     43%         4    ####...
 Fireball                 Conj/Fire      ##........   78%         5    ######.


Dungeon Overview and Level Annotations

Branches:
Dungeon (3/15)

Altars:
Okawaru
Trog


Innate Abilities, Weirdness & Mutations

You are partially covered in yellow scales. (AC +2)
A weak demonic guardian rushes to your aid.
You are slightly more attuned to the shadows.


Message History

You hit the orc.
You feel better.
You kill the orc!
You barely miss the gnoll. The gnoll hits you but does no damage.
You barely miss the gnoll. The gnoll hits you but does no damage.
Casting: Flame Tongue (safe; 4% risk of failure)
Confirm with . or Enter, or press ? or * to list all spells.
Aiming: Flame Tongue (safe; 4% risk of failure)
Press: ? - help, Shift-Dir - straight line, f - gnoll
Aim: a gnoll, wielding a +0 club The flame tongue hits the gnoll.
The gnoll is heavily wounded.
The gnoll hits you with a +0 club.
You closely miss the gnoll.
The gnoll is heavily wounded.
The gnoll hits you with a +0 club!
* * * LOW HITPOINT WARNING * * *
You closely miss the gnoll.
The gnoll is heavily wounded.
The gnoll hits you with a +0 club!
You die...

.........................#
########################.#
##### #.# ..% #.# #### #.#
#.# ..####.#####.# .
#.#..........# # ##
##.##...####### #..
#..gg@..+ #.# #..##...#
... #...##### #.# #...#
#.# #.g.. #.#.### #...##
รท...... .oo.. #.#.###
#..## ......


You could see a gnoll and a goblin.

Vanquished Creatures
  3 gnolls (D:3)
  4 adders
  4 oozes
  2 worms (D:2)
  4 dart slugs (D:1)
  2 leopard geckos (D:2)
  2 orcs (D:3)
  3 giant cockroaches (D:2)
  6 goblins
  4 hobgoblins
  2 ball pythons (D:1)
  7 bats
  3 frilled lizards (D:1)
  4 kobolds
  6 rats
56 creatures vanquished.

Vanquished Creatures (collateral kills)
  A leopard gecko (D:3)
  An orc (D:3)
2 creatures vanquished.

Grand Total: 58 creatures vanquished

Notes
Turn   | Place    | Note
-------+----------+-------------------------------------------
     0 | D:1      | Fortress the Demonspawn Fire Elementalist began the quest
                  | for the Orb.
     0 | D:1      | Reached XP level 1. HP: 13/13 MP: 3/3
   146 | D:1      | Gained mutation: You are partially covered in yellow
                  | scales. (AC +2) [demonic ancestry]
   146 | D:1      | Reached XP level 2. HP: 14/19 MP: 1/5
   408 | D:1      | Gained mutation: A weak demonic guardian rushes to your
                  | aid. [demonic ancestry]
   408 | D:1      | Reached XP level 3. HP: 24/24 MP: 3/6
  1346 | D:2      | Found an iron altar of Okawaru.
  1653 | D:2      | Gained mutation: You are slightly more attuned to the
                  | shadows. [demonic ancestry]
  1653 | D:2      | Reached XP level 4. HP: 30/30 MP: 3/8
  2444 | D:2      | Found a bloodstained altar of Trog.
  2717 | D:3      | Reached XP level 5. HP: 35/35 MP: 1/9
  2758 | D:3      | Slain by a gnoll

Skill      XL: |  1  2  3  4 |
---------------+-------------+-----
Fire Magic     | 3 |  3.8
Dodging        | 2 |  2.0
Stealth        | 2 |  2.0
Conjurations   | 2 |  2.4
Spellcasting   | 3 |  3.2

Action                   |  1- 3 |  4- 6 || total
-------------------------+-------+-------++-------
Melee: Dagger            |    29 |    58 ||    87
Throw: Stone             |     2 |       ||     2
 Cast: Flame Tongue      |    49 |    49 ||    98
 Stab: Sleeping          |     4 |     3 ||     7
       Distracted        |       |     1 ||     1
  Eat: Ration            |     1 |       ||     1
       Chunk             |     4 |     3 ||     7
Armor: Robe              |    12 |    17 ||    29
Dodge: Dodged            |    18 |    35 ||    53
